 Dungeon Sprint DCSS version 0.28-a0-425-gd0eccab798 (webtiles) character file.

Game seed: 4005517233797976499

735 blipblop the Fighter (level 7, -16/71 HPs)
             Began as a Minotaur Fighter on Sept 9, 2021.
             Was a High Priest of Jiyva.
             Killed from afar by a gargoyle (19 damage)
             ... with a stone arrow
             ... in the Dungeon (Sprint IX: "|||||||||||||||||||||||||||||").
             The game lasted 00:02:20 (410 turns).

blipblop the Fighter (Minotaur Fighter)              Turns: 410, Time: 00:02:20

Health: -16/71     AC: 14    Str: 20    XL:     7   Next: 45%
Magic:  2/6        EV: 10    Int:  6    God:    Jiyva [*****.]
Gold:   0          SH:  6    Dex: 12    Spells: 6/6 levels left

rFire   . . .      SeeInvis .   a - +0 trident
rCold   . . .      Faith    .   c - +0 buckler
rNeg    . . .      Spirit   .   i - +0 chain mail
rPois   .          Reflect  .   (helmet restricted)
rElec   .          Harm     .   (no cloak)
rCorr   +          Rampage  .   n - +0 pair of gloves
Will    .....      NoTele   +   (no boots)
Stlth   ..........              (no amulet)
HPRegen 0.21/turn               q - +3 ring of intelligence
MPRegen 0.10/turn               p - +2 ring of protection

@: slimy (expiring), very slightly contaminated, invisible
A: horns 2, retaliatory headbutt, dopey 1, tendrils, engulf
a: Renounce Religion, Request Jelly, Slimify, Cure Bad Mutation


You were in the Dungeon.
You worshipped Jiyva.
Jiyva was extremely pleased with you.
You visited 1 branch

Inventory:

Hand Weapons
 a - a +0 trident (weapon)
 b - a +0 glaive
 m - a +2 halberd of protection
Armour
 c - a +0 buckler (worn)
 i - a +0 chain mail (worn)
 n - a +0 pair of gloves (worn)
Jewellery
 p - a +2 ring of protection (right hand)
 q - a +3 ring of intelligence (left hand)
Wands
 l - a wand of iceblast (10)
Scrolls
 j - 2 scrolls of blinking
 k - 2 scrolls of amnesia
Potions
 e - 5 potions of curing
 f - a potion of heal wounds
 g - a potion of haste
 h - 4 potions of magic


   Skills:
 * Level 9.7 Fighting
 * Level 6.4(8.3) Axes
 + Level 8.0(9.1) Polearms
 * Level 9.4 Armour
 * Level 5.9 Dodging
 + Level 0.6 Stealth
 * Level 9.7 Shields


You had 6 spell levels left.
You didn't know any spells.
Your spell library was empty.

Dungeon Overview and Level Annotations

Branches:
Dungeon (1/1)

Altars:
Cheibriados
Dithmenos
Elyvilon
Fedhas
Gozag
Hepliaklqana
Kikubaaqudgha
Makhleb
Nemelex Xobeh
Okawaru
Qazlal
Ru
Sif Muna
Trog
Uskayaw
Vehumet
Wu Jian
Xom
Yredelemnul
Zin
The Shining One
Beogh
Jiyva
Lugonu


Innate Abilities, Weirdness & Mutations

You have a pair of horns on your head.
You reflexively headbutt those who attack you in melee.
You are dopey. (Int -2)
You are covered in slimy tendrils that may disarm your opponents.
Your melee attacks may engulf your foes in ooze.


Message History

The gargoyle hurls a stone arrow at the jelly.
The stone arrow hits the azure jelly!
The gargoyle hits the azure jelly with a +0 flail!!
The azure jelly dies!
The catoblepas returns to its original shape as it dies.
There is an open door here.
A thick mucus forms on your +0 trident.
The gargoyle closely misses you. You furiously retaliate!
You headbutt the gargoyle. You hit the gargoyle but do no damage.
You headbutt the gargoyle, but do no damage.
The gargoyle is lightly damaged.
The gargoyle closely misses you. You furiously retaliate!
You headbutt the gargoyle, but do no damage.
You strike the helpless gargoyle from behind!
You hit the gargoyle but do no damage.
The gargoyle is lightly damaged.
Your slime is starting to congeal.
You block the gargoyle's attack.
Your tendrils lash around the gargoyle's +0 flail and pull it to the ground!
You catch the helpless gargoyle completely off-guard!
You hit the gargoyle but do no damage.
The gargoyle is lightly damaged.
The gargoyle hurls a stone arrow at you.
The stone arrow hits you!
You hit the gargoyle.
You engulf the gargoyle in ooze!
You headbutt the gargoyle.
The gargoyle is lightly damaged.
The gargoyle hurls a stone arrow at you.
The stone arrow hits you!!
* * * LOW HITPOINT WARNING * * *
You barely miss the gargoyle.
You headbutt the gargoyle, but do no damage.
The gargoyle is lightly damaged.
Unknown command.
You hit the gargoyle but do no damage. You headbutt the gargoyle.
The gargoyle is moderately damaged.
The gargoyle hurls a stone arrow at you.
The stone arrow hits you!!
You die... ▓▓▓▓▓▓▓▓▓▓▓▓▓▓▓▓▓▓▓▓▓▓ +...9@.J......'......) ▓▓▓▓▓▓▓▓▓▓▓▓▓▓▓▓▓▓▓▓▓▓

You could see a gargoyle (engulfed) and a neutral jelly (wandering) (fellow slime).

Vanquished Creatures
  A troll (D)
  An orc warrior (D)
  A sky beast (D)
  A centaur (D)
  An orc priest (D)
  A gnoll shaman (D)
  An iguana (D)
  An orc wizard (D)
  2 adder skeletons (D)
  A dart slug (D)
  An orc (D)
  A bat (D)
  A giant cockroach (D)
  A hobgoblin (D)
  A rat (D)
16 creatures vanquished.

Vanquished Creatures (others)
  An azure jelly (D)
  A fire dragon (D)
  4 great orbs of eyes (D)
  An ice dragon (D)
  A two-headed ogre (D)
  A deep elf pyromancer (D)
  A manticore (D)
  A vault sentinel (D)
  A tengu conjurer (D)
  4 slime creatures (D)
  A hornet (shapeshifter) (D)
  A spriggan (shapeshifter) (D)
18 creatures vanquished.

Grand Total: 34 creatures vanquished

Notes
Turn   | Place    | Note
-------+----------+-------------------------------------------
     0 | D        | blipblop the Minotaur Fighter began the quest for the Orb.
     0 | D        | Reached XP level 1. HP: 19/19 MP: 0/0
    14 | D        | Reached skill level 1 in Axes
    14 | D        | Reached skill level 1 in Dodging
    21 | D        | Noticed a sky beast
    21 | D        | Noticed an iguana
    29 | D        | Killed an iguana
    30 | D        | Reached skill level 5 in Fighting
    30 | D        | Reached skill level 5 in Armour
    30 | D        | Reached skill level 5 in Shields
    30 | D        | Reached XP level 2. HP: 17/29 MP: 1/1
    30 | D        | Reached XP level 3. HP: 21/36 MP: 2/2
    39 | D        | Killed a sky beast
    40 | D        | Reached XP level 4. HP: 39/45 MP: 3/3
    49 | D        | Found a snail-covered altar of Cheibriados.
    49 | D        | Found a shadowy altar of Dithmenos.
    49 | D        | Found a white marble altar of Elyvilon.
    49 | D        | Found a blossoming altar of Fedhas.
    49 | D        | Found an opulent altar of Gozag.
    50 | D        | Found a hazy altar of Hepliaklqana.
    51 | D        | Found a viscous altar of Jiyva.
    52 | D        | Found an ancient bone altar of Kikubaaqudgha.
    53 | D        | Found a corrupted altar of Lugonu.
    54 | D        | Found a burning altar of Makhleb.
    55 | D        | Found a sparkling altar of Nemelex Xobeh.
    56 | D        | Found an iron altar of Okawaru.
    57 | D        | Found a stormy altar of Qazlal.
    58 | D        | Found a sacrificial altar of Ru.
    59 | D        | Became a worshipper of Jiyva Jafocit the Shapeless
    60 | D        | Found a shimmering blue altar of Sif Muna.
    60 | D        | Killed a vault sentinel
    61 | D        | Found a bloodstained altar of Trog.
    62 | D        | Found a hide-covered altar of Uskayaw.
    62 | D        | Killed a great orb of eyes
    62 | D        | Killed a slime creature
    62 | D        | Killed a slime creature
    63 | D        | Found a radiant altar of Vehumet.
    64 | D        | Found an ornate altar of the Wu Jian Council.
    65 | D        | Found a shimmering altar of Xom.
    65 | D        | Killed a slime creature
    66 | D        | Found a basalt altar of Yredelemnul.
    66 | D        | Killed a slime creature
    67 | D        | Found a glowing silver altar of Zin.
    68 | D        | Found a glowing golden altar of the Shining One.
    69 | D        | Killed a great orb of eyes
    70 | D        | Killed a spriggan
    73 | D        | Killed a fire dragon
    78 | D        | Killed an ice dragon
    80 | D        | Killed a great orb of eyes
    84 | D        | Killed a deep elf pyromancer
    85 | D        | Killed a great orb of eyes
   115 | D        | Noticed an orc warrior
   115 | D        | Noticed a troll
   115 | D        | Noticed a centaur
   118 | D        | Reached XP level 5. HP: 51/52 MP: 4/4
   128 | D        | Killed a centaur
   129 | D        | Reached skill level 5 in Polearms
   129 | D        | Reached XP level 6. HP: 61/61 MP: 5/5
   135 | D        | Killed a troll
   136 | D        | Reached skill level 5 in Axes
   136 | D        | Reached skill level 5 in Dodging
   136 | D        | Reached XP level 7. HP: 70/70 MP: 6/6
   287 | D        | Reached * piety under Jiyva
   287 | D        | Reached ** piety under Jiyva
   287 | D        | Reached *** piety under Jiyva
   287 | D        | Gained mutation: You sometimes lose the ability to read
                  | scrolls when taking damage. [Jiyva's grace]
   287 | D        | Reached **** piety under Jiyva
   287 | D        | Gained mutation: Your melee attacks may engulf your foes in
                  | ooze. [Jiyva's grace]
   290 | D        | Reached ***** piety under Jiyva
   296 | D        | Lost mutation: You sometimes lose the ability to read
                  | scrolls when taking damage. [Jiyva's grace]
   304 | D        | Gained mutation: You are covered in slimy tendrils that may
                  | disarm your opponents. [Jiyva's grace]
   369 | D        | Noticed a gargoyle
   369 | D        | Noticed a two-headed ogre
   369 | D        | Noticed a manticore
   369 | D        | Noticed a catoblepas
   369 | D        | Noticed a tengu conjurer
   369 | D        | Noticed a hornet
   394 | D        | Slimified a catoblepas
   394 | D        | Noticed an azure jelly
   394 | D        | a catoblepas changed into an azure jelly
   394 | D        | Killed a hornet
   396 | D        | Killed a tengu conjurer
   398 | D        | Gained mutation: You are dopey. (Int -2) [Jiyva's grace]
   398 | D        | Killed a manticore
   400 | D        | Killed a two-headed ogre
   401 | D        | Killed an azure jelly
   408 | D        | HP: 2/71 [gargoyle/stone arrow (20)]
   410 | D        | Killed from afar by a gargoyle

Illustrated notes

Levels and vault maps discovered:
D:        linesprint [early_d, line_temple, items_1, d_10, items_2, lair_1,
          lair_end, items_3, orc_1, orc_end, items_4, d_15, swamp_1, shoals_1,
          snake_1, spider_1, d_20, vaults_1, items_5, swamp_end, shoals_end,
          snake_end, spider_end, vaults_end, d_27, items_6, zot_1, zot_end,
          crypt_end, forest_end, elf_end, slime_end, tomb_end, abyss_end,
          pan_hell_end]

Skill      XL: |  1  2  3  4  5  6  7 |
---------------+----------------------+-----
Fighting       | 5 6 7 8 9 |  9.7
Armour         | 5 6 7 8 9 |  9.4
Shields        | 5 6 7 8 9 |  9.7
Axes           | 2 3 4 5 6 |  6.4
Dodging        | 2 3 4 5 |  5.9
Polearms       | 3 4 5 6 8 |  8.0
Stealth        | |  0.6

Action                   |  1- 3 |  4- 6 |  7- 9 || total
-------------------------+-------+-------+-------++-------
Melee: Trident           |    27 |    22 |    26 ||    75
       Headbutt          |     3 |     2 |     9 ||    14
Invok: Slimify           |       |       |     2 ||     2
  Use: Potion            |     2 |     1 |     2 ||     5
 Stab: Invisible         |       |       |     2 ||     2
       Petrified         |       |       |     2 ||     2
Armor: Scale mail        |     8 |     1 |       ||     9
       Ring mail         |       |     1 |     1 ||     2
       Chain mail        |       |       |     7 ||     7
Dodge: Dodged            |    10 |     7 |    13 ||    30
Block: Buckler           |     3 |     3 |     4 ||    10

Table legend: (Time is in decaauts)
 A = Elapsed time spent in this place.
 B = Non-inter-level travel time spent in this place.
 C = Inter-level travel time spent in this place.
 D = Time resting spent in this place.
 E = Time spent auto-exploring this place.
 F = Levels seen in this place.
 G = Mean time per level.
                   A        B        C        D        E       F      G
               +--------+--------+--------+--------+--------+-----+--------+
         Total |    417 |    417 |      0 |    195 |      8 |   1 |  417.0 |
       Dungeon |    417 |    417 |      0 |    195 |      8 |   1 |  417.0 |
               +--------+--------+--------+--------+--------+-----+--------+

Top non-repeatable levels by time:
       D: 417 daAuts
